AoeStats
← Simple Jack, u mad?

Nomad

507033546Analyzed
4v4 RM · 17d ago on Sep 16, 2026· 38m 29s· 8 players
Game mode
Random Map
Map size
231×231
Population
200
Speed
Normal
Resources
Standard
Victory
Conquest
Starting age
Dark Age
Ending age
Imperial Age
RankedLock teamsTeams togetherTeam positionsShared explorationLock speedFull tech treeHidden civsTurbo modeCheats
Victory
Defeat
🇳🇿 Malay · New Zealand
1601
+16
🇫🇷 Mongols · France
1559
+18
🇸🇪 Bulgarians · Sweden
1558
+18
🇩🇪 Dravidians · Germany
1547
+18
🇹🇼 Dravidians · Taiwan
1646
-20
🇯🇵 Portuguese · Japan
1598
-17
🇹🇼 Spanish · Taiwan
1596
-17
🇨🇳 Italians · China
1564
-16
Wuyen
12:36 Loom
15:16 Feudal Age
18:53 Castle Age
16:45 Double-Bit Axe
17:35 Fletching
18:14 Fishing Lines
19:48 Bodkin Arrow
20:09 Medium Warships
20:11 Bow Saw
22:59 Wheelbarrow
27:51 Town Watch
28:38 Gillnets
30:16 Clinker Construction
31:28 Gold Mining
33:52 Demolition Ship
34:57 Hand Cart
35:05 Horse Collar
39:36 Imperial Age
牛比无极限
4:52 Loom
13:27 Feudal Age
19:00 Double-Bit Axe
YEBISU
4:46 Loom
13:33 Feudal Age
17:23 Castle Age
15:35 Double-Bit Axe
17:19 Fishing Lines
22:21 Imperial Age
21:58 Town Watch
24:21 Chemistry
24:41 Circumnavigation
28:37 Bombard Tower
28:32 Treadmill Crane
29:23 Ballistics
29:33 Conscription
29:27 Fletching
29:56 Masonry
30:00 Padded Archer Armor
29:59 Bodkin Arrow
30:18 Padded Archer Armor
30:42 Bracer
32:47 Leather Archer Armor
34:17 Horse Collar
34:48 Bow Saw
35:52 Arquebus
35:50 Elite Skirmisher
yclin124
10:28 Loom
12:36 Feudal Age
16:20 Castle Age
15:36 Double-Bit Axe
21:54 Padded Archer Armor
23:30 Fishing Lines
24:08 Gold Mining
23:58 Horse Collar
24:47 Town Watch
25:57 Leather Archer Armor
26:42 Husbandry
27:54 Bloodlines
34:07 Scale Mail Armor
33:30 Pikeman
36:07 Man-at-Arms
B.
11:57 Feudal Age
15:53 Castle Age
13:52 Double-Bit Axe
14:22 Loom
14:51 Gold Mining
15:37 Fletching
18:13 Bodkin Arrow
20:12 Padded Archer Armor
20:46 Bow Saw
21:36 Horse Collar
25:28 Ballistics
26:30 Leather Archer Armor
28:32 Wheelbarrow
32:53 Imperial Age
31:15 Husbandry
31:25 Bloodlines
34:59 Conscription
Simple Jack, u mad?
6:23 Loom
13:53 Feudal Age
18:53 Castle Age
19:46 Double-Bit Axe
21:02 Bow Saw
20:31 Demolition Ship
22:17 Fletching
24:11 Medium Warships
26:19 Scale Barding Armor
27:47 Horse Collar
30:17 Heavy Plow
32:29 Forging
32:33 Bloodlines
32:24 Husbandry
33:22 Gold Mining
33:31 Stone Mining
34:25 Wheelbarrow
34:26 Chain Barding Armor
34:20 Squires
35:09 Scale Mail Armor
35:57 Town Watch
36:29 Hand Cart
40:47 Imperial Age
Dawn14
4:59 Loom
13:28 Feudal Age
14:01 Double-Bit Axe
14:09 Gold Mining
20:05 Wheelbarrow
21:30 Castle Age
21:42 Forging
22:33 Medium Warships
22:53 Bow Saw
25:28 Careening
26:19 Wheelbarrow
26:33 Fishing Lines
27:34 Gillnets
28:07 Hand Cart
28:08 Clinker Construction
30:25 Ballistics
30:30 Town Watch
34:41 Imperial Age
33:02 Town Patrol
34:14 Iron Casting
34:54 Medical Corps
36:04 Heavy Warships
35:55 Padded Archer Armor
35:46 Fletching
37:00 Blast Furnace
35:51 Fletching
36:24 Carvel Hull
37:16 Dry Dock
38:14 Elite Skirmisher
38:55 Bodkin Arrow
ImprovingYeti
16:09 Feudal Age
17:14 Fletching
20:20 Castle Age
19:04 Double-Bit Axe
19:27 Fishing Lines
19:57 Bodkin Arrow
20:18 Medium Warships
21:22 Gillnets
21:39 Loom
22:17 Ballistics
27:06 Wheelbarrow
27:19 Bow Saw
28:36 Gold Mining
28:37 Stone Mining
28:28 Horse Collar
29:49 Scale Barding Armor
29:55 Forging
31:19 Iron Casting
31:25 Husbandry
Connection lost

Rejoining the realm…

Still unreachable

The connection could not be restored.

Session expired

The server has moved on; the page needs a fresh start.